 Dungeon Crawl Stone Soup version 0.18.1-6-gd335043 (webtiles) character file.

84312 M4edhros the Devastator (level 15, -12/106 HPs)
             Began as a Mummy Conjurer on May 16, 2016.
             Was the Champion of Dithmenos.
             Shot with an arrow by a naga sharpshooter (16 damage)
             ... on level 1 of the Snake Pit.
             The game lasted 01:34:55 (33451 turns).

M4edhros the Devastator (Mummy Conjurer)           Turns: 33451, Time: 01:34:56

Health: -12/106    AC: 16    Str: 11    XL:     15   Next: 34%
Magic:  16/33      EV: 19    Int: 22    God:    Dithmenos [******]
Gold:   1429       SH:  5    Dex: 18    Spells: 8 memorised, 1 level left

rFire  . . .     SeeInvis .     N - +2 trident (protect)
rCold  + . .     Gourm    .     g - +2 robe {Archmagi}
rNeg   + + +     Faith    .     Z - +0 buckler (curse)
rPois  ∞         Spirit   .     f - +2 hat "Xafota Lien" {rF+ Dex+4}
rElec  .         Dismiss  .     h - +2 cloak
rCorr  .         Reflect  .     y - +1 pair of gloves
SustAt .         Harm     .     (no boots)
MR     +....                    w - amulet of magic regeneration
Stlth  ++........               c - +2 ring of intelligence
                                H - ring of magical power

@: wreathed by umbra, somewhat resistant to hostile enchantments, unstealthy
A: no food or potions, fire vulnerability, cold resistance 1, negative energy
resistance 3, torment resistance, unbreathing, in touch with death 1, restore
body
a: Self-Restoration, Shadow Step, Shadow Form, Renounce Religion


You were on level 1 of the Snake Pit.
You worshipped Dithmenos.
Dithmenos was exalted by your worship.
You were not hungry.

You visited 5 branches of the dungeon, and saw 25 of its levels.
You also visited: Ice Cave.

You collected 2483 gold pieces.
You spent 1054 gold pieces at shops.

Inventory:

Hand Weapons
 i - a +6 quarterstaff of chaos
 k - a +0 scythe of venom
 B - a +2 short sword of protection
 N - a +2 trident of protection (weapon)
Missiles
 A - 445 arrows
Armour
 f - the +2 hat "Xafota Lien" (worn) {rF+ Dex+4}
   (You acquired it on level 5 of the Lair of Beasts)

   It affects your dexterity (+4).
   It protects you from fire.
 g - a +2 robe of the Archmagi (worn)
 h - a +2 cloak (worn)
 y - a +1 pair of gloves (worn)
 L - the +0 robe of Xoukycit {+Inv rPois Int-4 Dex+5}
   (You found it on level 3 of the Lair of Beasts)

   It affects your intelligence (-4).
   It affects your dexterity (+5).
   It protects you from poison.
   It lets you turn invisible.
 X - the +1 leather armour "Sealao Eram" {rPois Int+4 Slay-2}
   (You bought it in a shop on level 2 of the Orcish Mines)

   It affects your intelligence (+4).
   It affects your accuracy and damage with ranged weapons and melee attacks
   (-2).
   It protects you from poison.
 Z - a cursed +0 buckler (worn)
Magical Staves
 G - an uncursed staff of air
Rods
 V - a +4 lightning rod (13/13)
   (You found it on level 8 of the Lair of Beasts)
Jewellery
 c - a +2 ring of intelligence (right hand)
 e - an uncursed amulet of regeneration
 n - a +3 ring of dexterity
 s - a +3 ring of protection
 v - an uncursed ring of ice
 w - an amulet of magic regeneration (around neck)
 H - a ring of magical power (left hand)
 K - an uncursed amulet of harm
 W - an uncursed ring of resist corrosion
Wands
 q - a wand of enslavement (12/24)
 t - a wand of iceblast (0/15)
 z - a wand of polymorph (17/24)
 E - a wand of iceblast (0/15)
 I - a wand of iceblast (0/15)
 O - a wand of enslavement (2/24)
 P - a wand of enslavement (15/24)
 R - a wand of confusion (16/48)
 S - a wand of iceblast (7/15)
 U - a wand of polymorph (9/24)
Scrolls
 j - 9 scrolls of remove curse
 o - 2 scrolls of fog
 p - 5 scrolls of enchant armour
 r - a scroll of blinking
 u - a scroll of identify
 x - a scroll of magic mapping
 D - 3 scrolls of recharging
 J - 2 scrolls of enchant weapon
 M - a scroll of amnesia
 Q - a scroll of brand weapon
Books
 b - a book of Conjurations

   Spells                             Type                      Level
   a - Magic Dart                     Conjuration                  1
   b - Searing Ray                    Conjuration                  2
   c - Dazzling Spray                 Conjuration/Hexes            3
   d - Fulminant Prism                Conjuration/Hexes            4
   e - Iskenderun's Mystic Blast      Conjuration                  4
   f - Iskenderun's Battlesphere      Conjuration/Charms           5
 l - a book of the Warp

   Spells                             Type                      Level
   a - Recall                         Summoning/Translocation      3
   b - Gell's Gravitas                Hexes/Translocation          3
   c - Force Lance                    Conjuration/Translocation    4
   d - Warp Weapon                    Charms/Translocation         5
   e - Summon Forest                  Summoning/Translocation      5
 m - a book of Changes

   Spells                             Type                      Level
   a - Beastly Appendage              Transmutation                1
   b - Sticks to Snakes               Transmutation                2
   c - Spider Form                    Transmutation/Poison         3
   d - Ice Form                       Ice/Transmutation            4
   e - Blade Hands                    Transmutation                5
 C - a book of Minor Magic

   Spells                             Type                      Level
   a - Magic Dart                     Conjuration                  1
   b - Blink                          Translocation                2
   c - Call Imp                       Summoning                    2
   d - Repel Missiles                 Charms/Air                   2
   e - Slow                           Hexes                        2
   f - Conjure Flame                  Conjuration/Fire             3
   g - Mephitic Cloud                 Conjuration/Poison/Air       3
 Y - a book of Necromancy

   Spells                             Type                      Level
   a - Pain                           Necromancy                   1
   b - Animate Skeleton               Necromancy                   1
   c - Vampiric Draining              Necromancy                   3
   d - Regeneration                   Charms/Necromancy            3
   e - Animate Dead                   Necromancy                   4
   f - Control Undead                 Necromancy                   4
Miscellaneous
 a - a sack of spiders {used: 1}
 F - a sack of spiders
 T - a box of beasts {used: 6}


   Skills:
 - Level 6.4 Fighting
 - Level 9.7 Dodging
 - Level 1.5 Stealth
 * Level 2.6 Shields
 - Level 6.6 Spellcasting
 - Level 15.0 Conjurations
 - Level 5.7 Hexes
 - Level 8.5 Charms
 * Level 4.9 Summonings
 + Level 3.6 Translocations
 + Level 4.7 Invocations


You had one spell level left.
You knew the following spells:

 Your Spells              Type           Power        Failure   Level  Hunger
a - Magic Dart            Conj           ####         1%          1    N/A
b - Searing Ray           Conj           ######       1%          2    N/A
c - Fulminant Prism       Conj/Hex       ######....   1%          4    N/A
d - Iskenderun's Mystic   Conj           #######.     1%          4    N/A
e - Iskenderun's Battles  Conj/Chrm      ######..     2%          5    N/A
f - Repel Missiles        Chrm/Air       #####.       3%          2    N/A
g - Mephitic Cloud        Conj/Pois/Air  #####...     4%          3    N/A
h - Summon Forest         Summ/Tloc      #####.....   61%         5    N/A

Dungeon Overview and Level Annotations

Branches:
Dungeon (13/15)            Temple (1/1) D:7            Lair (8/8) D:9
 Shoals (0/4) Lair:3        Snake (1/4) Lair:3        Slime (0/6) Lair:8
    Orc (2/2) D:11            Elf (0/3) Orc:2
 Vaults: D:13-14

Altars:
Ashenzari
Cheibriados
Dithmenos
Elyvilon
Fedhas
Kikubaaqudgha
Nemelex Xobeh
Okawaru
Pakellas
Qazlal
Ru
Trog
Vehumet
Xom
Yredelemnul
Zin
The Shining One
Beogh
Jiyva

Shops:
D:4 =   D:7 *   D:9 :   D:10 }   Orc:1 *   Orc:2 *}(*

Annotations:
D:13 exclusion: obsidian statue


Innate Abilities, Weirdness & Mutations

You do not eat or drink.
Your flesh is vulnerable to fire.
You are immune to poison.
Your flesh is cold resistant.
You are immune to negative energy.
You are immune to unholy pain and torment.
You can survive without breathing.
You are in touch with the powers of death.
You can restore your body by infusing magical energy.


Message History

The naga sharpshooter shoots an arrow.
The arrow hits you!!
* * * LOW HITPOINT WARNING * * *
You hear a splash.
Casting: Magic Dart
Confirm with . or Enter, or press ? or * to list all spells.
Aiming: Magic Dart
Press: ? - help, Shift-Dir - straight line, f/p - naga sharpshooter
Aim: a naga sharpshooter, wielding a longbow of evasion and wearing a robe (moderately wounded, catching its breath, umbra)
You feel a surge of power!
The magic dart hits the naga sharpshooter.
The naga sharpshooter is moderately wounded.
Your shadow mimicks your spell!
The shadow shard hits the naga sharpshooter.
Your battlesphere fires!
The barrage of energy hits the naga sharpshooter.
The naga sharpshooter is heavily wounded.
The naga sharpshooter mumbles some strange words.
The naga sharpshooter magically shoots an arrow.
The arrow hits you!
You die...

# # #. ## ##. # .
.## ....#.##. #..##
..N..*#.######...##
........#§§.......#
.......@§§§.......#
#.....)§§♣.......#
#.....)♣♣§§§.....#
##..... ♣§§#.....#
.......##)###...#.#
...##.##)## ##..# .
### #.#)## ##)# #.
#.#.# #.# ###.. ###
###.## ....


You could see a naga sharpshooter and a friendly battlesphere.

Vanquished Creatures
  The ghost of MTVSty1e the Fighter, a journeyman MiFi of Okawaru (Orc:2)
  Snorg (Orc:1)
  3 naga warriors (Snake:1)
  3 anacondas (Snake:1)
  5 hydras
  A catoblepas (Lair:8)
  Erolcha (D:11)
  Erica (Orc:1)
  A centaur warrior (Orc:2)
  The ghost of feelmyfire the Basher, a novice MiFi of Okawaru (D:8)
  An ogre mage (Orc:2)
  A deep troll shaman (Lair:8)
  10 death yaks
  An unseen horror (D:10)
  An oklob plant (Lair:7)
  2 ugly things (D:12)
  4 hill giants
  A lindwurm (Lair:4)
  3 orc sorcerers
  5 orc knights (Orc:2)
  3 griffons
  2 cyclopes
  2 salamanders (Snake:1)
  16 elephants
  Maurice (Orc:2)
  2 naga magi (Snake:1)
  2 manticores
  7 black mambas
  A guardian serpent (Snake:1)
  3 ice statues (IceCv)
  11 spiny frogs
  A rime drake (Lair:8)
  6 komodo dragons
  3 trolls (Orc:2)
  2 polar bears (Lair:8)
  24 blink frogs
  5 two-headed ogres
  2 boulder beetles
  Sigmund (D:5)
  7 wyverns
  32 yaks
  2 fire elementals (Lair:3)
  5 basilisks
  A steam dragon (D:11)
  9 hippogriffs
  11 nagas
  5 wargs
  7 swamp worms (Lair:7)
  16 water moccasins
  15 porcupines
  3 black bears
  7 ice beasts
  2 sky beasts
  43 orc warriors
  A wasp (D:12)
  2 phantoms
  3 necrophages
  16 ogres
  22 wolves
  12 centaurs
  12 crocodiles
  19 giant frogs
  A big kobold (D:10)
  4 scorpions
  20 killer bees
  4 wights (D:8)
  7 howler monkeys
  4 electric eels
  A giant frog zombie (D:10)
  9 crimson imps
  A jelly (D:7)
  Crazy Yiuf (D:5)
  3 centaur zombies
  25 orc priests
  3 giant frog skeletons
  3 centaur skeletons
  A gnoll shaman (D:4)
  8 hounds
  19 orc wizards
  An iron imp (D:5)
  4 iguanas
  7 worker ants
  A hound skeleton (D:4)
  A worker ant zombie (D:6)
  17 gnolls
  19 adders
  20 river rats
  3 shadow imps
  An ooze (D:3)
  An adder skeleton (D:9)
  An adder zombie (D:7)
  12 worms
  9 giant geckos
  109 orcs
  2 ball pythons
  7 giant cockroaches
  10 goblins
  6 hobgoblins
  14 jackals
  7 kobolds
  5 quokkas
  10 bats
  A giant cockroach zombie (D:5)
  3 giant gecko skeletons
  7 giant newts
  A jackal skeleton (D:5)
  7 rats
  5 fungi
  8 plants
806 creatures vanquished.

Vanquished Creatures (collateral kills)
  2 death yaks (Lair:8)
  A salamander (Snake:1)
  A river rat (Lair:8)
  2 orcs (D:11)
6 creatures vanquished.

Vanquished Creatures (others)
  An unseen horror (D:11)
  A lindwurm (Lair:4)
  A naga (Snake:1)
  A gnoll shaman (D:6)
  2 adders (D:4)
  3 orcs
  A kobold (D:10)
  164 fulminant prisms
  23 fungi
  14 plants
  9 toadstools (Lair:4)
220 creatures vanquished.

Grand Total: 1032 creatures vanquished

Notes
Turn   | Place    | Note
--------------------------------------------------------------
     0 | D:1      | M4edhros the Mummy Conjurer began the quest for the Orb.
     0 | D:1      | Reached XP level 1. HP: 13/13 MP: 3/3
   253 | D:1      | Reached XP level 2. HP: 19/19 MP: 1/5
   442 | D:1      | Reached skill level 4 in Conjurations
   592 | D:1      | Reached XP level 3. HP: 18/24 MP: 0/6
  1089 | D:2      | Found a stormy altar of Qazlal.
  1091 | D:2      | Noticed an earth elemental
  1092 | D:2      | Noticed a water elemental
  1092 | D:2      | Noticed an air elemental
  1092 | D:2      | Noticed a fire elemental
  1721 | D:2      | Reached XP level 4. HP: 30/30 MP: 1/7
  1916 | D:4      | Found Heyrulol's Jewellery Shop.
  2117 | D:4      | Reached skill level 5 in Conjurations
  2202 | D:4      | Noticed an ogre
  2207 | D:4      | Learned a level 2 spell: Searing Ray
  2311 | D:4      | Reached XP level 5. HP: 27/35 MP: 3/8
  2372 | D:4      | Noticed an ogre
  2423 | D:5      | Entered Level 5 of the Dungeon
  2475 | D:5      | Noticed Crazy Yiuf
  2546 | D:5      | Killed Crazy Yiuf
  2696 | D:5      | Noticed a wyvern
  2706 | D:5      | Killed a wyvern
  2706 | D:5      | Reached skill level 6 in Conjurations
  2706 | D:5      | Reached XP level 6. HP: 21/41 MP: 1/9
  3255 | D:5      | Reached skill level 7 in Conjurations
  3345 | D:5      | Reached XP level 7. HP: 46/46 MP: 2/10
  3456 | D:5      | Found a blossoming altar of Fedhas.
  3600 | D:5      | Found a snail-covered altar of Cheibriados.
  3619 | D:5      | Noticed Sigmund
  3630 | D:5      | Killed Sigmund
  3630 | D:5      | Reached skill level 8 in Conjurations
  3750 | D:5      | Learned a level 4 spell: Fulminant Prism
  4121 | D:6      | Reached skill level 1 in Hexes
  4253 | D:5      | Got a twitching granite ring
  4254 | D:5      | Identified the ring "Qivaiv" {*Tele rPois Int-3 Dex+4 Stlth+} (You took it off an orc on level 5 of the Dungeon)
  4341 | D:5      | Reached XP level 8. HP: 45/52 MP: 6/11
  5301 | D:6      | Found an iron altar of Okawaru.
  5588 | D:6      | Reached skill level 9 in Conjurations
  6194 | D:7      | Found a staircase to the Ecumenical Temple.
  6221 | Temple   | Entered the Ecumenical Temple
  6233 | Temple   | Became a worshipper of Dithmenos the Shadowed
  6262 | D:7      | Reached XP level 9. HP: 53/57 MP: 6/12
  6351 | D:7      | Reached skill level 5 in Hexes
  6536 | D:7      | Found a shattered altar of Ashenzari.
  6751 | D:7      | Found Tehukoups's General Store.
  6764 | D:7      | Found a sparkling altar of Nemelex Xobeh.
  6958 | D:7      | Reached * piety under Dithmenos
  6998 | D:7      | Found an oddly glowing altar of Pakellas.
  6998 | D:7      | Found a glowing golden altar of the Shining One.
  8088 | D:8      | Reached skill level 1 in Fighting
  8341 | D:7      | Reached skill level 10 in Conjurations
  8718 | D:8      | Noticed feelmyfire's ghost (novice MiFi)
  9363 | D:9      | Got a silken robe
  9374 | D:9      | Identified the +1 robe of Buvvis {*Contam rC++ Str+2 Slay-3} (You found it on level 9 of the Dungeon)
  9502 | D:9      | Found a staircase to the Lair.
  9568 | D:9      | Found a glowing golden altar of the Shining One.
  9717 | D:9      | Found a white marble altar of Elyvilon.
 10053 | D:9      | Reached ** piety under Dithmenos
 10056 | D:9      | Reached XP level 10. HP: 63/70 MP: 4/13
 10076 | D:9      | Found Ilum's Book Emporium.
 10497 | D:10     | Entered Level 10 of the Dungeon
 10517 | D:10     | Found an oddly glowing altar of Pakellas.
 10537 | D:10     | Found Duajee's Gadget Shop.
 10669 | D:10     | HP: 1/70 [something (4)]
 11208 | D:10     | Noticed a hill giant
 11214 | D:10     | Killed a hill giant
 11574 | D:10     | Found a blossoming altar of Fedhas.
 11993 | D:10     | Reached skill level 11 in Conjurations
 12159 | D:11     | Noticed a manticore
 12992 | D:10     | Killed an unseen horror
 13209 | D:11     | Found a roughly hewn altar of Beogh.
 13216 | D:11     | Reached skill level 5 in Fighting
 13615 | D:11     | Reached *** piety under Dithmenos
 13660 | D:11     | Found a staircase to the Orcish Mines.
 13682 | D:11     | Killed a manticore
 14197 | D:11     | Noticed a hill giant
 14800 | D:11     | Killed a hill giant
 14800 | D:11     | Reached skill level 5 in Dodging
 14800 | D:11     | Reached XP level 11. HP: 68/81 MP: 0/14
 14830 | D:11     | Noticed Erolcha
 14915 | D:11     | Killed Erolcha
 15615 | D:4      | Bought an uncursed amulet of magic regeneration for 390 gold pieces
 15843 | D:8      | Killed feelmyfire's ghost
 16637 | D:11     | Reached skill level 12 in Conjurations
 16688 | D:11     | Reached **** piety under Dithmenos
 16803 | D:11     | Noticed a hill giant
 17153 | D:11     | Killed a hill giant
 17252 | D:11     | Found a roughly hewn altar of Beogh.
 17351 | D:11     | Learned a level 5 spell: Iskenderun's Battlesphere
 17649 | D:12     | Reached skill level 1 in Charms
 17743 | D:12     | Noticed a purple ugly thing
 17757 | D:12     | Killed a purple ugly thing
 17795 | D:12     | Noticed a hill giant
 17802 | D:12     | Killed a hill giant
 18841 | D:13     | Noticed an obsidian statue
 18853 | D:13     | Noticed a hill giant
 18873 | D:12     | Noticed a white ugly thing
 18887 | D:12     | Killed a white ugly thing
 19181 | Lair:1   | Entered Level 1 of the Lair of Beasts
 19227 | Lair:1   | Reached XP level 12. HP: 89/89 MP: 8/18
 19229 | Lair:1   | Noticed a seven-headed hydra
 19232 | Lair:1   | Noticed a five-headed hydra
 19695 | Lair:1   | Killed a five-headed hydra
 19793 | Lair:1   | Killed a seven-headed hydra
 20664 | Lair:2   | Reached ***** piety under Dithmenos
 20972 | Lair:2   | Reached skill level 13 in Conjurations
 21225 | Lair:3   | Reached skill level 5 in Spellcasting
 21330 | Lair:3   | Reached skill level 5 in Charms
 21372 | Lair:3   | Found a staircase to the Snake Pit.
 21632 | Lair:3   | Found a staircase to the Shoals.
 22160 | Lair:3   | Got an ichor-stained robe
 22171 | Lair:3   | Identified the +0 robe of Xoukycit {+Inv rPois Int-4 Dex+5} (You found it on level 3 of the Lair of Beasts)
 22296 | Lair:4   | Gained mutation: You are in touch with the powers of death. [Mummy growth]
 22296 | Lair:4   | Gained mutation: You can restore your body by infusing magical energy. [Mummy growth]
 22296 | Lair:4   | Reached XP level 13. HP: 91/94 MP: 16/21
 23275 | Lair:5   | Identified a scroll of acquirement
 23276 | Lair:5   | Got a jewelled hat
 23282 | Lair:5   | Identified the +2 hat "Xafota Lien" {rF+ Dex+4} (You acquired it on level 5 of the Lair of Beasts)
 23282 | Lair:5   | good, hat of fire res
 23436 | Lair:5   | Found a frozen archway.
 23451 | IceCv    | Entered an ice cave
 25037 | Lair:6   | Reached skill level 14 in Conjurations
 25703 | Lair:7   | Found an iron altar of Okawaru.
 27034 | Lair:7   | Got a heavily runed plate armour
 27045 | Lair:7   | Identified the cursed +0 plate armour of Xom's Brutal Revenge {rF+ MR+ rCorr MP-9} (You found it on level 7 of the Lair of Beasts)
 27062 | Lair:7   | Learned a level 4 spell: Iskenderun's Mystic Blast
 27065 | Lair:7   | Learned a level 2 spell: Repel Missiles
 27069 | Lair:7   | Learned a level 3 spell: Mephitic Cloud
 27096 | Lair:8   | Entered Level 8 of the Lair of Beasts
 27123 | Lair:8   | Found a viscous altar of Jiyva.
 27124 | Lair:8   | Found a staircase to the Slime Pits.
 27172 | Lair:8   | Reached ****** piety under Dithmenos
 27177 | Lair:8   | Reached XP level 14. HP: 73/101 MP: 0/22
 27603 | Lair:8   | Learned a level 2 spell: Sticks to Snakes
 28065 | Lair:8   | Reached skill level 15 in Conjurations
 28065 | Lair:8   | Reached skill level 1 in Invocations
 28716 | Lair:8   | Learned a level 5 spell: Summon Forest
 29340 | Lair:8   | Reached skill level 1 in Translocations
 29345 | Lair:8   | Reached skill level 1 in Summonings
 29643 | Orc:1    | Entered Level 1 of the Orcish Mines
 29643 | Orc:1    | Noticed Snorg
 29649 | Orc:1    | Killed Snorg
 30548 | Orc:2    | Entered Level 2 of the Orcish Mines
 30980 | Orc:2    | Noticed MTVSty1e's ghost (journeyman MiFi)
 30984 | Orc:2    | Killed MTVSty1e's ghost
 31072 | Orc:2    | Found a staircase to the Elven Halls.
 31469 | Orc:2    | Reached XP level 15. HP: 91/106 MP: 22/24
 31824 | Orc:2    | Found Voniq's Weapon Shoppe.
 31824 | Orc:2    | Found Buonuder's Gadget Shop.
 31892 | Orc:2    | Found Dovarusm's Assorted Antiques.
 31894 | Orc:2    | Found Piprour's General Store.
 31905 | Orc:2    | Bought a ring of intelligence for 52 gold pieces
 31905 | Orc:2    | Bought a notched peridot ring for 130 gold pieces
 31905 | Orc:2    | Bought a polished leather armour for 182 gold pieces
 31905 | Orc:2    | Identified the +1 leather armour "Sealao Eram" {rPois Int+4 Slay-2} (You bought it in a shop on level 2 of the Orcish Mines)
 32208 | Orc:1    | Found a roughly hewn altar of Beogh.
 32212 | Orc:1    | Noticed Maurice
 32215 | Orc:1    | Noticed Erica
 32224 | Orc:2    | Killed Maurice
 32416 | Orc:1    | Killed Erica
 32417 | Orc:1    | Found Ymaac's General Store.
 32445 | Orc:1    | Bought a book of Necromancy for 300 gold pieces
 32772 | Snake:1  | Entered Level 1 of the Snake Pit
 32801 | Snake:1  | Reached skill level 1 in Shields
 33450 | Snake:1  | HP: 3/106 [naga sharpshooter/arrow (33)]
 33451 | Snake:1  | Shot with an arrow by a naga sharpshooter

Skill      XL: |  1  2  3  4  5  6  7  8  9 10 11 12 13 14 15 |
---------------+----------------------------------------------+-----
Conjurations   | 4 5 6 7 8 9 10 11 12 13 14 15 | 15.0
Hexes          | 1 4 5 |  5.7
Fighting       | 3 6 |  6.4
Dodging        | 3 5 6 7 8 9 |  9.7
Spellcasting   | 4 5 6 |  6.6
Charms         | 3 6 8 |  8.5
Invocations    | 3 4 |  4.7
Translocations | 2 3 |  3.6
Summonings     | 3 4 |  4.9
Shields        | 2 |  2.6
Stealth        | |  1.5

Action                   |  1- 3 |  4- 6 |  7- 9 | 10-12 | 13-15 || total
-------------------------+-------+-------+-------+-------+-------++-------
Melee: Unarmed           |    28 |       |       |       |       ||    28
       Mace              |     3 |    33 |    58 |    38 |       ||   132
       Short sword       |       |       |       |       |    14 ||    14
       Trident           |       |       |       |       |    10 ||    10
 Cast: Magic Dart        |    84 |    37 |   197 |   426 |   662 ||  1406
       Searing Ray       |       |    14 |    56 |    64 |     1 ||   135
       Fulminant Prism   |       |       |    11 |    81 |    75 ||   167
       Iskenderun's Batt |       |       |       |    34 |   145 ||   179
       Iskenderun's Myst |       |       |       |       |    53 ||    53
       Repel Missiles    |       |       |       |       |     3 ||     3
Evoke: Wand              |       |       |       |     6 |    18 ||    24
       Box of beasts     |       |       |       |       |     6 ||     6
       Sack of spiders   |       |       |       |       |     1 ||     1
  Use: Scroll            |     2 |       |    11 |    14 |    16 ||    43
 Stab: Sleeping          |     1 |       |       |       |       ||     1
Armor: Robe              |     7 |     7 |    73 |    98 |   116 ||   301
Dodge: Dodged            |    37 |    49 |   148 |   285 |   404 ||   923
       Deflected         |       |       |       |       |     7 ||     7
Block: Buckler           |       |       |       |       |     3 ||     3
